 Dungeon Crawl Stone Soup version 0.31-a0-699-g830162fb6c (webtiles) character file.

Game seed: 8479766799044227003

332 qw the Shooter (level 6, -1/38 HPs)
             Began as a Gargoyle Hunter on Sept 7, 2023.
             Slain by Edmund
             ... wielding a +2 flail of protection
              (4 damage)
             ... on level 4 of the Dungeon.
             The game lasted 00:01:04 (2934 turns).

qw the Shooter (Gargoyle Hunter)                    Turns: 2934, Time: 00:01:05

Health: -1/38      AC:  9    Str: 15    XL:     6   Next: 52%
Magic:  6/6        EV: 16    Int:  9    God:
Gold:   333        SH:  0    Dex: 15    Spells: 5/5 levels left

rFire   . . .        Y - +0 shortbow
rCold   . . .        (shield currently unavailable)
rNeg    + + .        g - +0 ring mail
rPois   inf          (no helmet)
rElec   +            (no cloak)
rCorr   .            (no gloves)
SInv    .            (no boots)
Will    .....        (no amulet)
Stlth   +            d - ring of positive energy
HPRegen 0.26/turn    i - +5 ring of evasion
MPRegen 0.10/turn

%: no passive effects
@: no status effects
A: sickness immunity, AC +4, negative energy resistance 1, electricity
resistance, torment resistance 1, petrification resistance
a: no special abilities


You were on level 4 of the Dungeon.
You visited 1 branch of the dungeon, and saw 4 of its levels.

You collected 333 gold pieces.


Innate Abilities, Weirdness & Mutations

You are immune to sickness and miasma.
Your stone body is resilient. (AC +4)
You are immune to poison.
You resist negative energy. (rN+)
You are resistant to electric shocks. (rElec)
You are resistant to unholy torment.
You are immune to petrification.


   Skills:
 - Level 4.0 Fighting
 + Level 6.8 Ranged Weapons
 - Level 1.0 Armour
 - Level 1.5 Dodging
 - Level 1.1 Stealth


You had 5 spell levels left.
You didn't know any spells.
Your spell library was empty.

Inventory:

Hand Weapons
 Y - a +0 shortbow (weapon)
Armour
 g - a +0 ring mail (worn)
Jewellery
 d - a ring of positive energy (left hand)
 e - a ring of ice
 i - a +5 ring of evasion (right hand)
Scrolls
 a - a scroll of identify
 c - a scroll of enchant weapon {unknown}
Potions
 b - a potion of ambrosia {unknown}
 f - 3 potions of curing {unknown}
 h - a potion of degeneration {unknown}
 j - a potion of magic {unknown}
 k - a potion of haste {unknown}

Dungeon Overview and Level Annotations

Branches:
Dungeon (4/15)
 Temple: D:4-7

Altars:

Annotations:
D:2 1 runed translucent door, Crazy Yiuf
D:4 Edmund


Message History

Edmund is moderately wounded.
Edmund hits you with a +2 flail of protection.
You shoot an arrow. The arrow closely misses Edmund.
Edmund closely misses you.
You shoot an arrow. The arrow barely misses Edmund.
Edmund hits you with a +2 flail of protection.
You shoot an arrow.
The arrow hits Edmund but does no damage.
Edmund is moderately wounded.
Edmund barely misses you.
You shoot an arrow. The arrow hits Edmund.
Edmund is moderately wounded.
Edmund hits you with a +2 flail of protection.
You shoot an arrow. The arrow barely misses Edmund.
Edmund closely misses you. Edmund completely misses you.
You shoot an arrow.
The arrow hits Edmund but does no damage.
Edmund is moderately wounded.
Edmund hits you with a +2 flail of protection.
You shoot an arrow. The arrow hits Edmund.
Edmund is heavily wounded.
Edmund misses you.
You shoot an arrow.
The arrow hits Edmund but does no damage.
Edmund is heavily wounded.
Edmund hits you but does no damage.
You shoot an arrow. The arrow closely misses Edmund.
Edmund hits you with a +2 flail of protection!
You shoot an arrow.
The arrow hits Edmund but does no damage.
Edmund is heavily wounded.
Edmund hits you with a +2 flail of protection.
You shoot an arrow. The arrow hits Edmund!
Edmund is severely wounded.
Edmund says, "Everyone always remembers my brother. 'Who's Edmund?' they ask!"
Edmund misses you. Edmund closely misses you.
You shoot an arrow. The arrow barely misses Edmund.
Edmund hits you with a +2 flail of protection.
You die...
Edmund says, "That'll show my brother!"

............# .##...#.....
###.######+##.######.##....
..### #.##........##....
.....##.#####..#####...#
......#.#...#..# #.#...#
.....#.#(..#..# #.....#
.......#......###...#..
#...........#...###
##@#.###.##.#.#....
#@#........#.#####
#.#####.#......... #.#
#.>...<##### #.#
##.........# #.#
#.........# #.# #.......#.#
#.# #...##### # #...


You could see Edmund.

Vanquished Creatures
  An ogre (D:4)
  A scorpion (D:4)
  A jelly (D:4)
  A hound (D:4)
  4 gnolls (D:3)
  2 adders
  7 dart slugs
  An orc (D:3)
  11 ball pythons
  6 bats
  4 endoplasms
  4 giant cockroaches (D:1)
  4 goblins
  3 hobgoblins
  2 jackals (D:1)
  2 quokkas
  3 frilled lizards
  9 kobolds
  5 rats
71 creatures vanquished.

Notes
Turn   | Place    | Note
-------+----------+-------------------------------------------
     0 | D:1      | qw the Gargoyle Hunter began the quest for the Orb.
     0 | D:1      | Reached XP level 1. HP: 12/12 MP: 1/1
     0 | D:1      | 0 ||| qw: Version: 0.3-a-76-g4403597
     0 | D:1      | 0 ||| qw: Game counter: 421
     0 | D:1      | 0 ||| qw: Melee chars always use a shield: true
     0 | D:1      | 0 ||| qw: God list: Okawaru
     0 | D:1      | 0 ||| qw: Allow faded altars: false
     0 | D:1      | 0 ||| qw: Do Orc after clearing Dungeon:15 true
     0 | D:1      | 0 ||| qw: Do second Lair branch before Depths: true
     0 | D:1      | 0 ||| qw: Lair rune preference: random
     0 | D:1      | 0 ||| qw: Goals: Normal
     0 | D:1      | 0 ||| PLANNING D:1-11
   191 | D:1      | Reached XP level 2. HP: 17/17 MP: 2/2
   546 | D:1      | Reached XP level 3. HP: 21/21 MP: 3/3
   594 | D:1      | Reached skill level 5 in Ranged Weapons
   792 | D:1      | 792 ||| UPGRADING to ring of positive energy.
   793 | D:1      | 793 ||| READING 2 scrolls labelled OXKICK PIESEUC.
   794 | D:1      | 794 ||| READING scroll labelled OPSAXZO XADI.
   795 | D:1      | 795 ||| READING scroll labelled QOTOONW UNAARE.
   796 | D:1      | 796 ||| DROPPING scroll of butterflies.
  1065 | D:2      | Found a runed translucent door.
  1066 | D:2      | Noticed Crazy Yiuf
  1324 | D:2      | Found a faded altar of an unknown god.
  1521 | D:2      | 1521 ||| UPGRADING to +0 ring mail.
  1531 | D:2      | 1531 ||| DROPPING +0 leather armour.
  1532 | D:2      | 1532 ||| READING scroll labelled FAIRERPH HUUGH.
  1772 | D:3      | Reached skill level 1 in Armour
  1785 | D:3      | 1785 ||| FLEEEEING.
  1811 | D:3      | Reached XP level 4. HP: 27/27 MP: 4/4
  1836 | D:3      | Reached skill level 3 in Fighting
  2096 | D:3      | 2096 ||| RETREATING.
  2128 | D:3      | Reached XP level 5. HP: 24/32 MP: 5/5
  2325 | D:3      | 2325 ||| UPGRADING to +5 ring of evasion.
  2326 | D:3      | 2326 ||| READING scroll labelled VAUMIJ FYCE.
  2327 | D:3      | 2327 ||| READING scroll labelled GUGAEST GETEIRGH.
  2497 | D:4      | Noticed an ogre
  2504 | D:4      | Killed an ogre
  2505 | D:4      | Reached skill level 6 in Ranged Weapons
  2636 | D:4      | Reached XP level 6. HP: 37/37 MP: 6/6
  2906 | D:4      | Noticed Edmund
  2931 | D:4      | HP: 8/38 [Edmund/+2 flail of protection (7)]
  2932 | D:4      | HP: 3/38 [Edmund/+2 flail of protection (6)]
  2934 | D:4      | Slain by Edmund

Levels and vault maps discovered:
D:1:      sevenhm_arrival_forest_fort_large_4, layout_loops_ring
D:2:      layout_loops_cross, basic_ecumenical_altar, uniq_crazy_yiuf_cottage
D:3:      layout_loops_ring, grunt_ministairs_11
D:4:      layout_basic, bh_walls_and_bars, uniq_edmund

Skill      XL: |  1  2  3  4  5  6 |
---------------+-------------------+-----
Ranged Weapons | 5 6 |  6.8
Armour         | 1 |  1.0
Fighting       | 3 4 |  4.0
Dodging        | |  1.5
Stealth        | |  1.1

Action                     |  1- 3 |  4- 6 || total
---------------------------+-------+-------++-------
   Fire: Shortbow          |   143 |   135 ||   278
    Use: Scroll            |     4 |     2 ||     6
 Armour: Leather armour    |    31 |       ||    31
         Ring mail         |     6 |    47 ||    53
  Dodge: Dodged            |    38 |    66 ||   104

Table legend:
 A = Non-vault XP
 B = Vault XP
 C = Vault XP percentage of total XP
 D = Non-vault monster count
 E = Vault monster count
 F = Vault count percentage of total count
                 A         B        C        D         E       F
            +---------+---------+-------+---------+---------+-------
      Total |     470 |       5 |   1.1 |      69 |       2 |   2.8
            +---------+---------+-------+---------+---------+-------
        D:1 |      40 |       0 |   0.0 |      24 |       0 |   0.0
        D:2 |      22 |       0 |   0.0 |      11 |       0 |   0.0
        D:3 |      99 |       5 |   4.8 |      21 |       2 |   8.7
        D:4 |     309 |       0 |   0.0 |      13 |       0 |   0.0
            +---------+---------+-------+---------+---------+-------
